 Dungeon Crawl Stone Soup version 0.30-a0-900-g23479c02f2 (webtiles) character file.

Game seed: 9074601454262688559

53 ragingrage the Ducker (level 3, -5/13 HPs)
             Began as a Felid Artificer on Mar 18, 2023.
             Was a Follower of Hepliaklqana.
             Killed from afar by a steam dragon (15 damage)
             ... with a ball of steam
             ... on level 6 of the Dungeon.
             The game lasted 00:06:31 (3487 turns).

ragingrage the Ducker (Felid Artificer)             Turns: 3487, Time: 00:06:32

Health: -5/13      AC:  1    Str:  8    XL:     3   Next: 64%
Magic:  2/4        EV: 19    Int: 12    God:    Hepliaklqana [*.....]
Gold:   169        SH:  0    Dex: 18    Spells: 2/2 levels left
                                        Lives:  0   Deaths: 1

rFire   . . .      SeeInvis +      - Unarmed
rCold   . . .      Faith    .    (shield unavailable)
rNeg    . . .      Spirit   .    (body armour unavailable)
rPois   .          Reflect  .    (helmet unavailable)
rElec   .          Rampage  .    (cloak unavailable)
rCorr   .                        (gloves unavailable)
Will    .....                    (boots unavailable)
Stlth   +++                      (no amulet)
HPRegen 0.22/turn                (no ring)
MPRegen 0.09/turn                (no ring)

@: quick
A: reduced essence, very small, claws 1, fangs 3, see invisible, speed 1, shaggy
fur 1, stealthy paws, no weapons or thrown items, no armour, multi-lived
a: Renounce Religion, Recall Ancestor, Ancestor Identity


You were on level 6 of the Dungeon.
You worshipped Hepliaklqana.
Hepliaklqana was aware of your devotion.
You visited 1 branch of the dungeon, and saw 6 of its levels.

You collected 169 gold pieces.

Inventory:

Wands
 a - a wand of flame (13) (quivered)
 b - a wand of charming (11)
 c - a wand of iceblast (5)
Scrolls
 d - a scroll of enchant weapon {unknown}
 e - 2 scrolls of identify {unknown}
 g - a scroll of immolation
 h - a scroll of teleportation
 l - a scroll of enchant armour {unknown}
 n - 2 scrolls of fear
 p - a scroll of poison {unknown}
 r - a scroll of acquirement {unknown}
 s - a scroll of vulnerability {unknown}
 t - a scroll of amnesia {unknown}
Potions
 f - a potion of lignification {unknown}
 i - a potion of attraction {unknown}
 j - a potion of curing {unknown}
 k - a potion of brilliance {unknown}
 m - 2 potions of cancellation {unknown}
 o - a potion of berserk rage {unknown}
 q - a potion of degeneration {unknown}


   Skills:
 - Level 1.0 Fighting
 + Level 3.9 Dodging
 + Level 3.7 Stealth
 * Level 3.1 Unarmed Combat
 - Level 3.2 Evocations


You had 2 spell levels left.
You didn't know any spells.
Your spell library contained the following spells:

 Spells                   Type           Power      Damage    Failure   Level
 Lesser Beckoning         Tloc           0%         N/A       45%         2
 Gell's Gravitas          Tloc           0%         N/A       69%         3
 Teleport Other           Tloc           0%         N/A       69%         3


Dungeon Overview and Level Annotations

Branches:
Dungeon (6/15)
 Temple: D:4-7

Altars:
Hepliaklqana
Zin

Annotations:
D:1 exclusion: downstairs
D:3 Robin
D:5 Blork the orc


Innate Abilities, Weirdness & Mutations

Your life essence is reduced to manifest your ancestor. (-10% HP)
You have sharp claws.
You have razor-sharp teeth.
You have supernaturally acute eyesight. (SInv)
You cover ground quickly. (Speed+)
You are covered in fur. (AC +1)
Your paws help you pounce on unaware monsters.
You are incapable of wielding weapons or throwing items.
You cannot wear armour.
You gain extra lives every three experience levels.


Message History

You can now remember your ancestor's identity.
The orc shouts!
The jelly quivers.
Dusana hits the jelly.
Dusana is burned by acid!
The orc barely misses Dusana.
Blork the orc points at you and mumbles some strange words.
The magic dart hits you!
Ouch! That really hurt!
There is a stone staircase leading down here.
You climb downwards.
There is a stone staircase leading up here.
Dusana is recalled.
You start resting.
You open the gate.
A steam dragon comes into view.
There is a stone staircase leading up here.
What are your orders? t - Meow!
Orders for allies: a - Attack new target. r - Retreat! s - Stop attacking. g - Guard the area. f - Follow me.
Anything else - Cancel.
Retreat in which direction?
Fall back!
There is a stone staircase leading up here.
There is an open gate here.
You pounce on the unaware helpless steam dragon!
You claw the steam dragon!
Dusana is recalled.
The steam dragon completely misses you. The steam dragon claws you.
Unknown command.
You barely miss the steam dragon. You bite the steam dragon.
The steam dragon barely misses you. The steam dragon completely misses you.
You closely miss the steam dragon.
You bite the steam dragon, but do no damage.
The steam dragon breathes steam at you. The ball of steam hits you!
Ouch! That really hurt!
You die...

....# #.
.....# #.
♣.....## .##
♣.....## ..#
♣....8# #.#
♣....###.#
♣....'...#
♣♣...'.#.#
♣.R@.'.#<#
♣.D..###.#
♣....8# #.#
♣.$...## #.#
♣.....## #.#
!.....# #.#
.....# #.#
...?##.$.....#
#########


You could see the friendly Dusana the ancestor and a steam dragon (catching
breath, ally target).

Vanquished Creatures
  3 adders
  A worm (D:1)
  A dart slug (D:2)
  3 orcs (D:4)
  4 ball pythons (D:1)
  6 endoplasms
  5 giant cockroaches
  15 goblins
  3 hobgoblins (D:3)
  3 jackals (D:4)
  2 kobolds
  5 quokkas
  6 bats
  4 frilled lizards
  5 rats
  A spectral hobgoblin (D:3)
67 creatures vanquished.

Vanquished Creatures (collateral kills)
  A hobgoblin (D:1)
1 creature vanquished.

Vanquished Creatures (others)
  An adder (D:1)
  An orc (D:4)
  A kobold (D:4)
  3 plants (D:4)
6 creatures vanquished.

Grand Total: 74 creatures vanquished

Notes
Turn   | Place    | Note
-------+----------+-------------------------------------------
     0 | D:1      | ragingrage the Felid Artificer began the quest for the Orb.
     0 | D:1      | Reached XP level 1. HP: 9/9 MP: 2/2
   250 | D:1      | Reached skill level 1 in Unarmed Combat
   384 | D:1      | Reached XP level 2. HP: 11/12 MP: 3/3
  1404 | D:2      | Reached XP level 3. HP: 15/15 MP: 4/4
  1686 | D:2      | Identified the +0 leather armour "Widiah" {Int+3}
  2083 | D:3      | Reached XP level 4. HP: 18/19 MP: 5/5
  2295 | D:3      | Found a glowing silver altar of Zin.
  2355 | D:3      | Noticed Robin
  2663 | D:3      | Found a hazy altar of Hepliaklqana.
  2683 | D:3      | Became a worshipper of Hepliaklqana the Forgotten
  3248 | D:4      | Noticed Blork the orc
  3313 | D:4      | Slain by an iguana
  3314 | D:4      | Reached XP level 3. HP: -3/15 MP: 4/4
  3407 | D:5      | Entered Level 5 of the Dungeon
  3411 | D:5      | Reached * piety under Hepliaklqana
  3461 | D:6      | Noticed a steam dragon
  3487 | D:6      | Killed from afar by a steam dragon

Illustrated notes

Levels and vault maps discovered:
D:1:      shiori_shiawase, layout_basic
D:2:      layout_basic
D:3:      layout_rooms, old_standard_altar,
          nicolae_hepliaklqana_monster_ancestors,
          chequers_serial_rivers_small_a, uniq_robin
D:4:      layout_loops_corners, minitemple, serial_bayou_pond_c,
          amcnicky_mini_pool_small, uniq_eustachio, uniq_blork_the_orc,
          uniq_menkaure
D:5:      old_forge, layout_gridville, nicolae_tso_besieged_by_evil,
          eino_curves_04, bh_walls_and_bars
D:6:      layout_loops_ring, nemelex_spade_bored_becter,
          mainiacjoe_overflow_chevrons, minmay_temple_entry_enclosed_plants,
          kennysheep_donut

Skill      XL: |  1  2  3  4 |
---------------+-------------+-----
Stealth        | 2 3 |  3.7
Unarmed Combat | 1 2 3 |  3.1
Fighting       | |  1.0
Dodging        | |  3.9
Evocations     | |  3.2

Action                     |  1- 3 |  4- 6 || total
---------------------------+-------+-------++-------
  Melee: Unarmed           |   109 |   106 ||   215
         Bite              |    12 |     8 ||    20
         Punch             |     3 |     4 ||     7
 Invoke: Recall Ancestor   |     2 |       ||     2
  Evoke: Wand              |     2 |     4 ||     6
    Use: Scroll            |     3 |       ||     3
   Stab: Sleeping          |     7 |     7 ||    14
 Armour: Skin              |     8 |     3 ||    11
  Dodge: Dodged            |   114 |    77 ||   191

Table legend: (Time is in decaauts)
 A = Elapsed time spent in this place.
 B = Non-inter-level travel time spent in this place.
 C = Inter-level travel time spent in this place.
 D = Time resting spent in this place.
 E = Time spent auto-exploring this place.
 F = Levels seen in this place.
 G = Mean time per level.
                   A        B        C        D        E       F      G
               +--------+--------+--------+--------+--------+-----+--------+
         Total |   2993 |   2795 |    198 |    608 |   1282 |   6 |  498.8 |
       Dungeon |   2993 |   2795 |    198 |    608 |   1282 |   6 |  498.8 |
               +--------+--------+--------+--------+--------+-----+--------+

Top non-repeatable levels by time:
     D:1: 946 daAuts
     D:2: 785 daAuts
     D:4: 616 daAuts
     D:3: 571 daAuts
     D:6: 63 daAuts
     D:5: 9 daAuts
